 Dungeon Crawl Stone Soup version 0.22-a0-162-g33bf127 (webtiles) character file.

24631 Amnesiac the Slicer (level 12, -43/83 HPs)
             Began as a Mummy Earth Elementalist on Feb 12, 2018.
             Was a Follower of Ashenzari.
             Killed from afar by an ice dragon (62 damage)
             ... with a blast of cold
             ... in an ice cave.
             The game lasted 01:04:23 (21089 turns).

Amnesiac the Slicer (Mummy Earth Elementalist)     Turns: 21089, Time: 01:04:24

Health: -43/83     AC: 13    Str: 12    XL:     12   Next: 82%
Magic:  24/24      EV: 14    Int: 18    God:    Ashenzari [*.....]
Gold:   345        SH:  9    Dex: 13    Spells: 8/27 levels left

rFire    . . .     SeeInvis .   a - +7 dagger (pain)
rCold    . . .     Gourm    .   B - +0 buckler
rNeg     + + +     Faith    .   F - +2 robe {Archmagi} (curse)
rPois    ∞         Spirit   .   o - +0 helmet (curse)
rElec    .         Reflect  +   x - +0 cloak (curse)
rCorr    .         Harm     .   h - +0 pair of gloves
MR       +....                  (no boots)
Stlth    ++........             r - +4 amulet of reflection (curse)
HPRegen  0.23/turn              t - ring of fire
MPRegen  0.19/turn              l - +6 ring of protection (curse)

@: no status effects
A: no food or potions, fire vulnerability, cold resistance 1, negative energy
resistance 3, torment resistance, unbreathing
a: Curse Item, Scrying, Renounce Religion


You were in an ice cave.
You worshipped Ashenzari.
Ashenzari was aware of your devotion.
You were not hungry.

You visited 2 branches of the dungeon, and saw 14 of its levels.
You also visited: Bailey and Ice Cave.

You collected 599 gold pieces.
You spent 254 gold pieces at shops.

Inventory:

Hand Weapons
 a - a +7 dagger of pain (weapon)
 b - a +0 blowgun
 w - a +1 dagger of chaos
 G - the +9 staff of Olgreb {rPois}
   (You found it on level 8 of the Dungeon)

   It protects you from poison.
Missiles
 n - 10 poisoned needles
 A - 100 stones (quivered)
Armour
 h - a +0 pair of gloves (worn)
 o - a cursed +0 helmet (worn)
 x - a cursed +0 cloak (worn)
 B - a +0 buckler (worn)
 F - a cursed +2 robe of the Archmagi (worn)
Jewellery
 d - an uncursed amulet of regeneration
 i - an uncursed ring of protection from cold
 l - a cursed +6 ring of protection (right hand)
 r - a cursed +4 amulet of reflection (around neck)
 t - a ring of fire (left hand)
Wands
 E - a wand of digging (11)
 H - a wand of acid (7)
Scrolls
 c - a scroll of vulnerability {!r}
 e - 2 scrolls of remove curse {!r}
 g - 4 scrolls of enchant armour {!r}
 k - 4 scrolls of fog {!r}
 m - 4 scrolls of teleportation {!r}
 p - 2 scrolls of identify {!r}
 v - 2 scrolls of magic mapping {!r}


   Skills:
 - Level 4.0 Fighting
 - Level 10.0 Short Blades
 - Level 4.0 Dodging
 - Level 4.0 Stealth
 - Level 4.0 Shields
 - Level 8.0 Spellcasting
 + Level 7.0 Necromancy
 - Level 8.1 Transmutations
 - Level 8.1 Earth Magic


You had 8 spell levels left.
You knew the following spells:

 Your Spells              Type           Power        Failure   Level  Hunger
a - Pain                  Necr           ####         1%          1    N/A
b - Passwall              Tmut/Erth      ######....   1%          2    N/A
c - Stone Arrow           Conj/Erth      ####..       5%          3    N/A
d - Lee's Rapid Deconstr  Erth           ######....   10%         5    N/A
e - Petrify               Tmut/Erth      ######..     3%          4    N/A
f - Sandblast             Erth           ######       1%          1    N/A
g - Confusing Touch       Hex            ##....       10%         1    N/A
h - Apportation           Tloc           ##....       10%         1    N/A
z - Animate Skeleton      Necr           N/A          1%          1    N/A

Dungeon Overview and Level Annotations

Branches:
Dungeon (13/15)            Temple (1/1) D:6            Lair (0/6) D:11
    Orc (0/2) D:10
 Vaults: D:13-14

Altars:
Ashenzari
Cheibriados
Dithmenos
Elyvilon
Fedhas
Gozag
Hepliaklqana
Kikubaaqudgha
Makhleb
Nemelex Xobeh
Okawaru
Qazlal
Ru
Sif Muna
Trog
Uskayaw
Vehumet
Wu Jian
Xom
Yredelemnul
Zin
The Shining One

Shops:
D:5 *

Annotations:
D:8 2 runed doors


Innate Abilities, Weirdness & Mutations

You do not eat or drink.
Your flesh is vulnerable to fire.
You are immune to poison.
Your flesh is cold resistant. (rC+)
You are immune to negative energy. (rN+++)
You are immune to unholy pain and torment.
You can survive without breathing.


Message History

The ice beast is heavily wounded.
You closely miss the ice beast.
The ice beast is heavily wounded.
The ice beast barely misses you.
You hit the ice beast.
The ice beast is severely wounded.
You hit the ice beast.
The ice beast writhes in agony.
The ice beast is severely wounded.
The ice beast hits you but does no damage.
You barely miss the ice beast.
The ice beast is severely wounded.
You hit the ice beast.
The ice beast writhes in agony.
The ice beast is almost dead.
You block the ice beast's attack.
You hit the ice beast.
You kill the ice beast!
An ice dragon comes into view.
An ice dragon is nearby!
An ice dragon is nearby!
An ice dragon comes into view.
Found three items.
Casting: Lee's Rapid Deconstruction (slightly dangerous; 10% risk of failure)
Confirm with . or Enter, or press ? or * to list all spells.
Which direction?
You feel a surge of power!
You begin to meditate on the wall.
You continue meditating on the rock. x4
You finish merging with the rock.
Found 351 gold pieces and an uncursed ring of resist corrosion.
The helpless ice dragon fails to defend itself.
You spit the ice dragon like a pig!!!
The ice dragon is severely wounded.
The ice dragon roars deafeningly!
You hit the ice dragon but do no damage.
The ice dragon writhes in agony.
The ice dragon is almost dead.
The ice dragon bites you!
The ice dragon claws you but does no damage.
You block the ice dragon's attack. The ice dragon breathes frost at you.
The blast of cold hits you!
* * * LOW HITPOINT WARNING * * *
You hit the ice dragon.
The ice dragon writhes in agony.
The ice dragon is almost dead.
Unknown command.
You hit the ice dragon but do no damage.
The ice dragon writhes in agony.
The ice dragon is almost dead.
The ice dragon bites you!
* * * LOW HITPOINT WARNING * * *
The ice dragon barely misses you. The ice dragon tramples you!
* * * LOW HITPOINT WARNING * * *
You stumble backwards!
Unknown command.
You hit the ice dragon but do no damage.
The ice dragon writhes in agony.
The ice dragon is almost dead.
Unknown command.
Okay, then.
You hit the ice dragon.
The ice dragon writhes in agony.
The ice dragon is almost dead.
The ice dragon breathes frost at you. The blast of cold hits you!
Ouch! That really hurt!
You die...

#...##
###.###
##.#..#
#..##.##
#...#..#
##.#...##
#..#####
#...##$#
#.@##$$##
#D##$$$$#
#.{#$$$$#
#....$$$#
##....$$#
#.....$#
#.....$#
##...=$#
#..$"##


You could see an ice dragon.

Vanquished Creatures
  A hydra (D:10)
  Erolcha (D:9)
  A centaur warrior (D:13)
  Urug (D:12)
  7 two-headed ogres
  2 unseen horrors
  A wizard (D:13)
  An orc knight (Bailey)
  A deep elf mage (D:12)
  Joseph (D:8)
  Psyche (D:9)
  2 ice statues (IceCv)
  A centaur skeleton (D:12)
  A rime drake (IceCv)
  A kobold demonologist (D:12)
  3 trolls
  Grinder (D:6)
  Prince Ribbit (D:7)
  3 hippogriffs
  A centaur simulacrum (D:13)
  3 hogs (D:8)
  Eustachio (D:5)
  Grum (D:8)
  A human (D:8)
  A hungry ghost (D:9)
  4 vampire mosquitoes (D:13)
  A yak (D:8)
  Menkaure (D:5)
  A warg (D:10)
  Duvessa (Temple)
  An acid dragon (D:12)
  7 soldier ants
  2 water moccasins (D:8)
  5 orc warriors
  A sky beast (D:5)
  17 ice beasts
  3 phantoms
  3 necrophages (D:7)
  4 ogres
  2 black bears
  A wolf (D:8)
  13 centaurs
  A crocodile (D:12)
  5 bullfrogs
  A gnoll sergeant (D:7)
  Dowan (Temple)
  7 scorpions
  29 killer bees
  3 wights (D:7)
  A crimson imp (D:6)
  2 quasits
  2 centaur zombies
  3 bullfrog zombies
  5 hounds
  10 orc priests
  Crazy Yiuf (D:6)
  A jelly (D:6)
  9 orc wizards
  2 bullfrog skeletons
  An iguana (D:4)
  Natasha (thrice) (D:2)
  13 worker ants
  3 hound zombies
  2 hound skeletons
  A worker ant zombie (D:11)
  20 gnolls
  14 adders
  2 howler monkey skeletons
  3 shadow imps
  An adder skeleton (D:6)
  4 worms
  A dart slug (D:1)
  7 leopard geckos
  47 orcs
  9 bats
  13 giant cockroaches
  12 goblins
  27 hobgoblins
  9 jackals
  2 quokkas
  2 ball pythons
  7 frilled lizards
  17 kobolds
  A leopard gecko zombie (D:8)
  10 rats
  A fungus (D:6)
421 creatures vanquished.

Vanquished Creatures (collateral kills)
  A wolf (D:8)
  A worker ant (D:8)
2 creatures vanquished.

Vanquished Creatures (others)
  A hobgoblin (Bailey)
  A kobold (Bailey)
2 creatures vanquished.

Grand Total: 425 creatures vanquished

Notes
Turn   | Place    | Note
-------+----------+-------------------------------------------
     0 | D:1      | Amnesiac the Mummy Earth Elementalist began the quest for the Orb.
     0 | D:1      | Reached XP level 1. HP: 13/13 MP: 4/4
   514 | D:1      | Reached XP level 2. HP: 6/19 MP: 5/5
   518 | D:1      | Learned a level 2 spell: Passwall
  1361 | D:1      | Reached XP level 3. HP: 24/24 MP: 8/8
  1873 | D:2      | Noticed Natasha
  1883 | D:2      | Killed Natasha
  1883 | D:2      | Reached XP level 4. HP: 9/30 MP: 4/10
  2063 | D:2      | Noticed Natasha
  2071 | D:2      | Killed Natasha
  2071 | D:2      | Reached skill level 1 in Transmutations
  2244 | D:2      | Noticed Natasha
  2247 | D:2      | Noticed a phantom
  2251 | D:2      | Killed Natasha
  2251 | D:2      | Reached skill level 5 in Spellcasting
  2259 | D:2      | Reached XP level 5. HP: 15/35 MP: 1/13
  2452 | D:2      | Found a faded altar of an unknown god.
  2749 | D:2      | Learned a level 4 spell: Petrify
  2839 | D:2      | Found a glowing golden altar of the Shining One.
  3649 | D:3      | Learned a level 5 spell: Lee's Rapid Deconstruction
  3653 | D:3      | Learned a level 3 spell: Stone Arrow
  3728 | D:2      | Killed a phantom
  3728 | D:2      | Reached XP level 6. HP: 30/41 MP: 2/14
  5119 | D:4      | Found a transporter.
  5193 | D:5      | Entered Level 5 of the Dungeon
  5195 | D:5      | Reached XP level 7. HP: 30/46 MP: 3/15
  5335 | D:4      | Learned a level 1 spell: Animate Skeleton
  5525 | D:4      | Found a transporter.
  5566 | D:4      | Learned a level 1 spell: Pain
  5572 | D:4      | Reached skill level 1 in Necromancy
  6719 | D:5      | Reached skill level 5 in Earth Magic
  6880 | D:5      | Reached skill level 1 in Short Blades
  6880 | D:5      | Reached XP level 8. HP: 43/52 MP: 8/16
  6924 | D:5      | Noticed Menkaure
  7311 | D:5      | Killed Menkaure
  7311 | D:5      | Reached skill level 2 in Short Blades
  7328 | D:5      | Reached skill level 3 in Short Blades
  7474 | D:5      | Found a white marble altar of Elyvilon.
  7630 | D:5      | Noticed Eustachio
  7736 | D:5      | Killed Eustachio
  7796 | D:5      | Reached skill level 4 in Short Blades
  8011 | D:5      | Reached skill level 5 in Short Blades
  8218 | D:5      | Found Piwnotti's Assorted Antiques.
  8653 | D:6      | Noticed Grinder
  8779 | D:6      | Found a runed door.
  8783 | D:6      | Noticed Crazy Yiuf
  8794 | D:6      | Killed Crazy Yiuf
  8962 | D:6      | Paralysed by Grinder for 4 turns
  8973 | D:6      | Killed Grinder
  8973 | D:6      | Reached XP level 9. HP: 56/57 MP: 7/17
  9105 | D:6      | Noticed Duvessa
  9106 | D:6      | Found a staircase to the Ecumenical Temple.
  9107 | D:6      | Noticed Dowan
  9115 | Temple   | Entered the Ecumenical Temple
  9311 | Temple   | Killed Duvessa
  9441 | Temple   | Killed Dowan
  9668 | D:6      | Reached skill level 5 in Necromancy
  9723 | D:6      | Reached skill level 6 in Short Blades
 10002 | D:6      | Found a basalt altar of Yredelemnul.
 10216 | D:6      | Reached skill level 5 in Transmutations
 10400 | D:7      | Found a glowing silver altar of Zin.
 10490 | D:7      | Found a shattered altar of Ashenzari.
 10495 | D:7      | Noticed a two-headed ogre
 10496 | D:7      | Became a worshipper of Ashenzari the Shackled
 10509 | D:7      | Killed a two-headed ogre
 11302 | D:7      | Reached XP level 10. HP: 63/63 MP: 2/18
 11768 | D:5      | Bought a scroll labeled KEDYREY KELANN for 33 gold pieces
 11768 | D:5      | Bought a scroll labeled MUHOAJ VIMACH for 33 gold pieces
 11768 | D:5      | Bought a scroll of identify for 66 gold pieces
 11857 | D:8      | Noticed Prince Ribbit
 11912 | D:7      | Killed Prince Ribbit
 11969 | D:8      | Found the +9 staff of Olgreb {rPois}
 12037 | D:8      | Noticed Grum
 12038 | D:8      | Found a flagged portal.
 12043 | Bailey   | Entered a bailey
 12161 | Bailey   | Learned a level 1 spell: Confusing Touch
 12772 | Bailey   | Noticed an orc knight
 12785 | Bailey   | Killed an orc knight
 13540 | D:8      | Noticed a two-headed ogre
 13552 | D:8      | Killed a two-headed ogre
 13560 | D:8      | Noticed Joseph
 13732 | D:8      | Killed Joseph
 13803 | D:8      | Reached * piety under Ashenzari
 13816 | D:8      | Found an ornate altar of the Wu Jian Council.
 13816 | D:8      | Found a blossoming altar of Fedhas.
 13923 | D:8      | Killed Grum
 14544 | D:8      | Found a runed gate.
 14546 | D:8      | Found a runed gate.
 14546 | D:8      | Found a runed gate.
 14554 | D:8      | Found a runed door.
 14570 | D:8      | Found a runed door.
 15158 | D:5      | Bought a runed robe for 122 gold pieces
 15185 | D:5      | Identified a scroll of acquirement {!r}
 15188 | D:5      | Got the cursed hand crossbow of Vosepto {freeze, rPois Str-4 Int-2 Dex+8}
 15743 | D:8      | Reached XP level 11. HP: 56/77 MP: 18/20
 16217 | D:9      | Reached skill level 7 in Short Blades
 16280 | D:9      | Noticed Psyche
 16289 | D:9      | Killed Psyche
 16336 | D:9      | Noticed Erolcha
 16349 | D:9      | Killed Erolcha
 16590 | D:9      | Found a deep blue altar of Sif Muna.
 16605 | D:10     | Entered Level 10 of the Dungeon
 16664 | D:10     | Noticed a five-headed hydra
 16754 | D:10     | Killed a five-headed hydra
 16793 | D:10     | Found a staircase to the Orcish Mines.
 16920 | D:10     | Reached skill level 8 in Short Blades
 17965 | D:11     | Noticed a two-headed ogre
 17969 | D:11     | Learned a level 1 spell: Apportation
 18007 | D:11     | Killed a two-headed ogre
 18251 | D:11     | Found a staircase to the Lair.
 18968 | D:12     | Noticed a two-headed ogre
 18984 | D:11     | Killed a two-headed ogre
 19214 | D:12     | Reached XP level 12. HP: 72/83 MP: 23/23
 19412 | D:12     | Got the battleaxe of Disorder {chaos, rC+ Str+4}
 19446 | D:12     | Noticed Urug
 19459 | D:12     | Killed Urug
 19534 | D:12     | Noticed a two-headed ogre
 19542 | D:12     | Killed a two-headed ogre
 19957 | D:13     | Noticed a centaur warrior
 19970 | D:13     | Killed a centaur warrior
 19971 | D:13     | Reached skill level 9 in Short Blades
 19994 | D:13     | Noticed a two-headed ogre
 20099 | D:13     | Noticed a two-headed ogre
 20105 | D:13     | Killed a two-headed ogre
 20148 | D:13     | Killed a two-headed ogre
 20148 | D:13     | Reached skill level 10 in Short Blades
 20234 | D:13     | Found a frozen archway.
 20246 | IceCv    | Entered an ice cave
 21072 | IceCv    | Noticed an ice dragon
 21074 | IceCv    | Noticed an ice dragon
 21075 | IceCv    | Identified the amulet of Suox {+Rage MR++ Str+4}
 21089 | IceCv    | Killed from afar by an ice dragon

Vault maps used:
D:1:      onia_arrival_larder
D:2:      kennysheep_six_static_rooms, nicolae_overflow_crystal_walls,
          chequers_ecumenical_altar_simple, uniq_natasha
D:3:      first_ration
D:4:      gammafunk_wand_slinger, gup_sewer_entry_spiral
D:5:      serial_shops, nicolae_shop_behind_doors, basic_altar, uniq_menkaure,
          uniq_eustachio
D:6:      kennysheep_mini, minmay_temple_entry_crystal_x,
          uniq_crazy_yiuf_cottage, uniq_grinder, uniq_duvessa
D:7:      zin_scriptorium, old_standard_altar, serial_undead, serial_undead_d,
          serial_undead_d, serial_undead_b, serial_undead_c, serial_undead_b
D:8:      gammafunk_temple_overflow_wave, enter_bailey_3, grunt_livestock,
          minmay_misc_feat_columns, minmay_guarded_unrand_staff_of_olgreb,
          uniq_prince_ribbit1, uniq_grum, uniq_joseph
D:9:      led_sif_pool, uniq_psyche, uniq_erolcha
D:10:     erik_orc_3
D:11:     lair_entry_dummy, serial_corexii_hall, corexii_hall_statues_t,
          corexii_hall_statues_deadend
D:12:     uniq_urug
D:13:     david_vaults_1, serial_ice, serial_ice_n, serial_ice_f, serial_ice_b,
          serial_ice_c, portal_ice_cave_entry_ice_beasts
Temple:   eino_temple_rhombus
Bailey:   bailey_axe_2, bailey
IceCv:    ice_cave_small_dragons

Skill      XL: |  1  2  3  4  5  6  7  8  9 10 11 12 |
---------------+-------------------------------------+-----
Earth Magic    | 3 4 5 6 7 8 |  8.1
Spellcasting   | 3 4 5 6 7 8 |  8.0
Transmutations | 1 3 5 6 7 8 |  8.1
Necromancy     | 3 4 5 7 |  7.0
Short Blades   | 1 5 6 8 10 | 10.0
Stealth        | 2 4 |  4.0
Shields        | 3 4 |  4.0
Dodging        | 4 |  4.0
Fighting       | 4 |  4.0

Action                   |  1- 3 |  4- 6 |  7- 9 | 10-12 || total
-------------------------+-------+-------+-------+-------++-------
Melee: Unarmed           |    81 |     5 |       |     5 ||    91
       Dagger            |       |   310 |   335 |   977 ||  1622
       Staff             |       |       |       |     2 ||     2
 Fire: Hunting sling     |    26 |    16 |       |       ||    42
Throw: Tomahawk          |       |       |       |     2 ||     2
 Cast: Sandblast         |    20 |    68 |    69 |    17 ||   174
       Stone Arrow       |       |     4 |       |       ||     4
       Passwall          |       |     3 |       |    11 ||    14
       Petrify           |       |     1 |    23 |    79 ||   103
       Pain              |       |       |    99 |     8 ||   107
       Animate Skeleton  |       |       |     4 |       ||     4
       Lee's Rapid Decon |       |       |    13 |    46 ||    59
       Confusing Touch   |       |       |       |     2 ||     2
Invok: Curse Item        |       |       |       |     5 ||     5
Evoke: Staff of Olgreb   |       |       |       |     6 ||     6
  Use: Scroll            |       |     5 |     2 |    21 ||    28
 Stab: Sleeping          |     4 |     4 |     2 |    16 ||    26
       Petrified         |       |       |    26 |    82 ||   108
       Petrifying        |       |       |     4 |    17 ||    21
       Confused          |       |       |       |     2 ||     2
       Paralysed         |       |       |       |     1 ||     1
Armor: Robe              |    23 |   110 |   127 |    75 ||   335
       Leather armour    |       |       |    12 |   114 ||   126
Dodge: Dodged            |    79 |   244 |   188 |   355 ||   866
Block: Other             |       |     9 |    58 |       ||    67
       Reflection        |       |       |     3 |    31 ||    34
       Buckler           |       |       |    16 |   345 ||   361

Table legend:
 A = Spawn XP
 B = Non-spawn XP
 C = Spawn XP percentage of total XP
 D = Spawn monster count
 E = Non-spawn monster count
 F = Spawn count percentage of total count
 G = Total turns spent on level
                    A         B        C        D         E        F      G
               +---------+---------+-------+---------+---------+-------+---------
         Total |       0 |   35188 |   0.0 |       0 |     424 |   0.0 | 21089
               +---------+---------+-------+---------+---------+-------+---------
           D:1 |       0 |      47 |   0.0 |       0 |      28 |   0.0 |  1906
           D:2 |       0 |     348 |   0.0 |       0 |      37 |   0.0 |  1598
           D:3 |       0 |     101 |   0.0 |       0 |      24 |   0.0 |  1639
           D:4 |       0 |     563 |   0.0 |       0 |      27 |   0.0 |  1745
           D:5 |       0 |    1428 |   0.0 |       0 |      24 |   0.0 |  1947
           D:6 |       0 |    1451 |   0.0 |       0 |      35 |   0.0 |  1305
           D:7 |       0 |    2176 |   0.0 |       0 |      22 |   0.0 |  1438
           D:8 |       0 |    4994 |   0.0 |       0 |      52 |   0.0 |  2958
           D:9 |       0 |    1809 |   0.0 |       0 |      10 |   0.0 |   525
          D:10 |       0 |    3154 |   0.0 |       0 |      42 |   0.0 |  1315
          D:11 |       0 |    3511 |   0.0 |       0 |      17 |   0.0 |  1082
          D:12 |       0 |    6251 |   0.0 |       0 |      32 |   0.0 |   951
          D:13 |       0 |    5334 |   0.0 |       0 |      19 |   0.0 |   293
        Temple |       0 |     208 |   0.0 |       0 |       4 |   0.0 |   550
        Bailey |       0 |     809 |   0.0 |       0 |      34 |   0.0 |   994
         IceCv |       0 |    3004 |   0.0 |       0 |      17 |   0.0 |   843
               +---------+---------+-------+---------+---------+-------+---------
